 Dungeon Crawl Stone Soup version 0.29-a0-284-gf9362112df (webtiles) character file.

Game seed: 7593699472993701239

1061 bande the Chopper (level 8, -8/48 HPs)
             Began as a Gargoyle Fighter on Mar 24, 2022.
             Mangled by an ogre
             ... wielding a +0 giant club
              (21 damage)
             ... on level 5 of the Dungeon.
             The game lasted 00:05:57 (4646 turns).

bande the Chopper (Gargoyle Fighter)                Turns: 4646, Time: 00:05:57

Health: -8/48      AC: 19    Str: 20    XL:     8   Next: 27%
Magic:  8/8        EV:  7    Int:  9    God:
Gold:   203        SH:  5    Dex: 11    Spells: 7/7 levels left

rFire   + . .      SeeInvis .   a - +0 war axe
rCold   + . .      Faith    .   c - +0 buckler
rNeg    + . .      Spirit   .   j - +3 chain mail {rC+}
rPois   ∞          Reflect  .   f - +0 helmet
rElec   +          Harm     .   (no cloak)
rCorr   .          Rampage  .   (no gloves)
Will    .....                   (no boots)
Stlth   ..........              (no amulet)
HPRegen 0.16/turn               (no ring)
MPRegen 0.11/turn               (no ring)

@: no status effects
A: sickness immunity, AC +5, negative energy resistance 1, electricity
resistance, torment resistance 1, petrification resistance, fire resistance 1,
screaming 1
a: no special abilities


You were on level 5 of the Dungeon.
You visited 1 branch of the dungeon, and saw 5 of its levels.

You collected 203 gold pieces.

Inventory:

Hand Weapons
 a - a +0 war axe (weapon)
 i - a +2 mace of holy wrath
Armour
 c - a +0 buckler (worn)
 f - a +0 helmet (worn)
 j - a +3 chain mail of cold resistance (worn)
Wands
 h - a wand of paralysis (7)
Scrolls
 g - 2 scrolls of identify
Potions
 b - a potion of ambrosia
 d - a potion of might
 e - a potion of curing
 k - a potion of resistance


   Skills:
 + Level 4.9 Fighting
 + Level 6.4 Axes
 + Level 5.8 Armour
 + Level 4.6 Shields
 * Level 1.4 Evocations


You had 7 spell levels left.
You didn't know any spells.
Your spell library contained the following spells:

 Spells                   Type           Power      Damage    Failure   Level
 Summon Small Mammal      Summ           0%         N/A       99%         1
 Call Canine Familiar     Summ           0%         N/A       100%        3
 Summon Guardian Golem    Hex/Summ       0%         N/A       100%        3
 Animate Dead             Necr           0%         N/A       100%        4
 Haunt                    Necr/Summ      0%         N/A       100%        7
 Infestation              Necr           0%         N/A       100%        8


Dungeon Overview and Level Annotations

Branches:
Dungeon (6/15)
 Temple: D:4-7

Altars:
Ashenzari


Innate Abilities, Weirdness & Mutations

You are immune to sickness and miasma.
Your stone body is resilient. (AC +5)
You are immune to poison.
You resist negative energy. (rN+)
You are resistant to electric shocks. (rElec)
You are resistant to unholy torment.
You are immune to petrification.
Your flesh is heat resistant. (rF+)
You occasionally shout uncontrollably at your foes.


Message History

You see here a +0 club.
There is a stone staircase leading down here.
You climb downwards.
There is a stone staircase leading up here.
You start resting.
HP restored.
You climb upwards.
There is a stone staircase leading down here.
The ogre shouts!
You hit the ogre.
The ogre is moderately wounded.
The ogre barely misses you.
You barely miss the ogre.
The ogre is moderately wounded.
The ogre hits you with a +0 giant club!
You hit the ogre but do no damage.
The ogre is moderately wounded.
The ogre hits you with a +0 giant club!
You hit the ogre.
The ogre is moderately wounded.
The ogre hits you with a +0 giant club!
* * * LOW HITPOINT WARNING * * *
You barely miss the ogre.
The ogre is moderately wounded.
You hit the ogre.
The ogre is heavily wounded.
The ogre closely misses you.
You slash the ogre!
The ogre is severely wounded.
The ogre hits you but does no damage.
You hit the ogre.
The ogre is severely wounded.
The ogre barely misses you.
You hit the ogre.
The ogre is almost dead.
The ogre closely misses you.
You barely miss the ogre.
The ogre is almost dead.
The ogre hits you with a +0 giant club!!
You die...

##......# ##..#
###.......# #..#
##.........####..#
#.#.#.#.#...#....#
..............(.##
#.#.#.#.#......##
......<.......##
#.#.#.#.#..####
.......@..##
#.#.#.#O#.#
.........##
#.#.#.#.##
#..####..#
##..###..#
##......##
#.......#######
##....)).......


You could see an ogre.

Vanquished Creatures
  Sigmund (D:2)
  A steam dragon (D:6)
  An ice beast (D:6)
  A black bear (D:6)
  An ogre (D:5)
  A phantom (D:6)
  Blork the orc (D:5)
  A howler monkey (D:5)
  A jelly (D:6)
  A gnoll shaman (D:6)
  A hound (D:6)
  Jessica (D:2)
  Terence (D:2)
  Robin (D:2)
  8 gnolls
  2 adders (D:3)
  2 white imps (D:6)
  An orc (D:5)
  3 endoplasms
  17 goblins
  10 hobgoblins
  2 quokkas (D:1)
  3 ball pythons
  2 bats
  5 frilled lizards
  5 kobolds
  4 rats (D:1)
78 creatures vanquished.

Notes
Turn   | Place    | Note
-------+----------+-------------------------------------------
     0 | D:1      | bande the Gargoyle Fighter began the quest for the Orb.
     0 | D:1      | Reached XP level 1. HP: 14/14 MP: 1/1
   184 | D:1      | Reached XP level 2. HP: 9/19 MP: 2/2
   446 | D:1      | Reached skill level 2 in Axes
   900 | D:1      | Reached XP level 3. HP: 23/23 MP: 3/3
  1169 | D:2      | Noticed Terence
  1176 | D:2      | Killed Terence
  1177 | D:2      | Reached XP level 4. HP: 16/29 MP: 4/4
  1568 | D:2      | Noticed Robin
  1732 | D:3      | Reached skill level 3 in Axes
  1952 | D:2      | Killed Robin
  2030 | D:2      | Gained mutation: Your flesh is heat resistant. (rF+)
                  | [potion of mutation]
  2030 | D:2      | Gained mutation: You occasionally shout uncontrollably at
                  | your foes. [potion of mutation]
  2056 | D:2      | Noticed Sigmund
  2059 | D:2      | Noticed a golden eye
  2076 | D:2      | Found a faded altar of an unknown god.
  2090 | D:2      | Killed Sigmund
  2091 | D:2      | Reached skill level 4 in Axes
  2091 | D:2      | Reached XP level 5. HP: 12/33 MP: 5/5
  2091 | D:2      | Reached XP level 6. HP: 14/38 MP: 6/6
  2366 | D:2      | Noticed Jessica
  2372 | D:2      | Killed Jessica
  2504 | D:2      | Noticed a great orb of eyes
  2504 | D:2      | Noticed a golden eye
  2504 | D:2      | Noticed a golden eye
  3231 | D:3      | Found a broken altar of Ashenzari.
  3266 | D:3      | You fall into a shaft and drop 3 floors!
  3273 | D:6      | Noticed an ice beast
  3292 | D:6      | Killed an ice beast
  3527 | D:6      | Reached skill level 5 in Armour
  3527 | D:6      | Reached XP level 7. HP: 30/43 MP: 7/7
  3538 | D:6      | Noticed a steam dragon
  3554 | D:6      | Killed a steam dragon
  3555 | D:6      | Reached skill level 5 in Axes
  3792 | D:5      | Entered Level 5 of the Dungeon
  4064 | D:5      | Noticed Blork the orc
  4084 | D:6      | Reached skill level 6 in Axes
  4299 | D:6      | Reached XP level 8. HP: 38/48 MP: 8/8
  4374 | D:5      | Killed Blork the orc
  4444 | D:5      | Reached skill level 1 in Evocations
  4646 | D:5      | Mangled by an ogre

Illustrated notes

Levels and vault maps discovered:
D:1:      dpeg_arrival_orchard, layout_loops_ring
D:2:      layout_basic, hellmonk_ecumenical_altar_watching_god, uniq_jessica,
          uniq_robin, uniq_sigmund, uniq_terence
D:3:      layout_basic, ashenzari_conservatory_becter, tgw_kikubaaqudgha,
          tso_oasis_becter
D:5:      layout_layer_cave, mainiacjoe_overflow_alcove_2,
          mainiacjoe_overflow_brackets, st_stairs_9, uniq_blork_the_orc
D:6:      layout_loops_cross, serial_shops, nicolae_shop_hallway_stairs

Skill      XL: |  1  2  3  4  5  6  7  8 |
---------------+-------------------------+-----
Axes           | 2 4 6 |  6.4
Fighting       | 4 |  4.9
Armour         | 4 5 |  5.8
Shields        | 4 |  4.6
Evocations     | 1 |  1.4

Action                   |  1- 3 |  4- 6 |  7- 9 || total
-------------------------+-------+-------+-------++-------
Melee: War axe           |    99 |    91 |    86 ||   276
  Use: Scroll            |       |     6 |     1 ||     7
       Potion            |       |     3 |       ||     3
Armor: Scale mail        |    56 |       |       ||    56
       Chain mail        |    15 |    77 |    88 ||   180
Dodge: Dodged            |    46 |    32 |    24 ||   102
Block: Buckler           |    28 |    25 |    27 ||    80

Table legend: (Time is in decaauts)
 A = Elapsed time spent in this place.
 B = Non-inter-level travel time spent in this place.
 C = Inter-level travel time spent in this place.
 D = Time resting spent in this place.
 E = Time spent auto-exploring this place.
 F = Levels seen in this place.
 G = Mean time per level.
                   A        B        C        D        E       F      G
               +--------+--------+--------+--------+--------+-----+--------+
         Total |   4754 |   4754 |      0 |   1925 |   1966 |   5 |  950.8 |
       Dungeon |   4754 |   4754 |      0 |   1925 |   1966 |   5 |  950.8 |
               +--------+--------+--------+--------+--------+-----+--------+

Top non-repeatable levels by time:
     D:2: 1786 daAuts
     D:6: 1233 daAuts
     D:1: 1112 daAuts
     D:3: 440 daAuts
     D:5: 180 daAuts
